 Dungeon Crawl Stone Soup version 0.15.2 (webtiles) character file.

29 Nyarlathotep the Magician (level 3, -1/19 HPs)
             Began as a Deep Elf Wizard on Feb 19, 2015.
             Slain by a worm (3 damage)
             ... on Level 2 of the Dungeon.
             The game lasted 00:03:11 (1149 turns).

Nyarlathotep the Magician (Deep Elf Wizard)         Turns: 1149, Time: 00:03:11

HP  -1/19        AC  2     Str  4      XL: 3   Next:  1%
MP   1/14        EV 13     Int 23      God:
Gold 98          SH  0     Dex 13      Spells:  5 memorised,  3 levels left

rFire  . . .     SeeInvis .     e - +0 whip
rCold  . . .     Clarity  .     a - +0 robe
rNeg   . . .     rCorr    .     (no shield)
rPois  .         rRot     .     b - +0 hat
rElec  .         Spirit   .     (no cloak)
SustAb .         Warding  .     (no gloves)
rMut   .         Stasis   .     (no boots)
Gourm  .                        (no amulet)
MR     .....                    (no ring)
                                (no ring)

@: slowed, very slow, not resistant to hostile enchantments, unstealthy
A: no striking features
a: no special abilities


You were on level 2 of the Dungeon.
You were hungry.

You visited 1 branch of the dungeon, and saw 2 of its levels.

You collected 98 gold pieces.

Inventory:

Hand weapons
 e - a +0 whip (weapon)
Armour
 a - a +0 robe (worn)
 b - a +0 hat (worn)
Comestibles
 d - a bread ration
Scrolls
 f - a scroll of identify {unknown}
 h - a scroll of random uselessness {unknown}
Potions
 g - a potion of brilliance {unknown}
Books
 c - a book of Minor Magic

   Spells                             Type                      Level
   *Magic Dart                        Conjuration                  1
   *Blink                             Translocation                2
   *Call Imp                          Summoning                    2
   *Repel Missiles                    Charms/Air                   2
   *Slow                              Hexes                        2
   Conjure Flame                      Conjuration/Fire             3
   Mephitic Cloud                     Conjuration/Poison/Air       3


   Skills:
 + Level 2.9 Dodging
 + Level 2.4 Stealth
 + Level 5.4 Spellcasting
 + Level 1.3 Conjurations
 + Level 1.1 Summonings
 + Level 1.1 Translocations


You had 3 spell levels left.
You knew the following spells:

 Your Spells              Type           Power        Failure   Level  Hunger
a - Magic Dart            Conj           ##..         6%          1    None
b - Blink                 Tloc           N/A          12%         2    None
c - Call Imp              Summ           ##......     12%         2    None
d - Repel Missiles        Chrm/Air       #.....       17%         2    None
e - Slow                  Hex            #.......     17%         2    None


Dungeon Overview and Level Annotations

Branches:
Dungeon (2/15)

Altars:

Annotations:
D:2 Ijyb


Message History

Confirm with . or Enter, or press ? or * to list all spells.
You don't have enough magic to cast that spell.
Ijyb screams, "Me very upset!"
The worm bites you.
* * * LOW HITPOINT WARNING * * *
Casting: Blink
Confirm with . or Enter, or press ? or * to list all spells.
You blink.
Ijyb zaps a wand.
You resist.
Ijyb zaps a wand.
You resist. The kobold closely misses you.
Ijyb zaps a wand.
You feel yourself slow down.
Ijyb screams, "You nasty!
Big nasty!"
The kobold hits you but does no damage.
Ijyb zaps a wand.
You resist. The kobold hits you with a club.
* * * LOW HITPOINT WARNING * * *
Ijyb zaps a wand.
You feel as though you will be slow longer.
The worm completely misses you. The worm barely misses you. The worm bites you.
You die...

#..........# #..........#
#..........#
##........########### #.#
##..................###..
#.............g..........
#...........##########..#
#......w.......#######...
#.....gw@...##.#........>
#......K....# .#........#
##........#.# ...........
##......##.# #..........
#########.# #..........
#.# ##.######. #.###
#.### #. #...###...####%
#..............


You could see Ijyb, 2 worms and a kobold.

Vanquished Creatures
  A giant mite (D:1)
  4 bats
  3 giant cockroaches
  3 goblins (D:1)
  A hobgoblin (D:1)
  A ball python (D:2)
  2 giant newts (D:1)
  3 kobolds (D:1)
  3 rats
21 creatures vanquished.

Notes
Turn   | Place    | Note
--------------------------------------------------------------
     0 | D:1      | Nyarlathotep, the Deep Elf Wizard, began the quest for the Orb.
     0 | D:1      | Reached XP level 1. HP: 10/10 MP: 6/6
   390 | D:1      | Reached skill level 5 in Spellcasting
   416 | D:1      | Reached XP level 2. HP: 15/15 MP: 8/11
   522 | D:1      | Learned a level 2 spell: Blink
   525 | D:1      | Learned a level 2 spell: Call Imp
   528 | D:1      | Learned a level 2 spell: Repel Missiles
   531 | D:1      | Learned a level 2 spell: Slow
  1088 | D:2      | Reached XP level 3. HP: 17/19 MP: 10/14
  1096 | D:2      | Noticed Ijyb
  1149 | D:2      | Slain by a worm

Action                   || total
-------------------------++-------
Melee: Whip              ||     5
 Cast: Magic Dart        ||    50
       Blink             ||     5
